[ AOE2 MATCH · #477711315 ]
UnrankedAztecs vs Persians
[ REPLAY ANALYSIS · EXTRACTED FROM THE RECORDED GAME ]
Feudal
13:58
Castle
35:26
Imperial
—
| APM avg | 33.2 |
| APM peak | 81 |
| eAPM avg | 13.9 |
| Villagers / military | 57 / 16 |
Focus
⚔️ 21.0% · 🌾 79.0%
Militia ×11 · Skirmisher ×5
Feudal
13:53
Castle
17:23
Imperial
—
| APM avg | 44.8 |
| APM peak | 126 |
| eAPM avg | 18.5 |
| Villagers / military | 114 / 39 |
Focus
⚔️ 28.5% · 🌾 71.5%
Conquistador ×29 · Scorpion ×10
Feudal
12:47
Castle
16:21
Imperial
—
| APM avg | 34.8 |
| APM peak | 79 |
| eAPM avg | 19.2 |
| Villagers / military | 123 / 8 |
Focus
⚔️ 35.6% · 🌾 64.4%
Mangonel ×3 · Cavalry Archer ×2 · Archer ×1 · Scorpion ×1 · Battering Ram ×1
Feudal
11:43
Castle
32:30
Imperial
—
| APM avg | 44.9 |
| APM peak | 69 |
| eAPM avg | 24.7 |
| Villagers / military | 91 / 87 |
Focus
⚔️ 28.9% · 🌾 71.1%
Scout Cavalry ×70 · Archer ×9 · Militia ×8
Feudal
12:19
Castle
31:45
Imperial
—
| APM avg | 44.2 |
| APM peak | 84 |
| eAPM avg | 18.8 |
| Villagers / military | 59 / 43 |
Focus
⚔️ 39.4% · 🌾 60.6%
Skirmisher ×34 · Knight ×8 · Archer ×1
Feudal
11:08
Castle
24:35
Imperial
—
| APM avg | 33.6 |
| APM peak | 62 |
| eAPM avg | 13.5 |
| Villagers / military | 96 / 26 |
Focus
⚔️ 26.3% · 🌾 73.7%
Archer ×16 · Monk ×6 · Unknown (2550) ×5 · Mangonel ×3 · Skirmisher ×1
Feudal
13:15
Castle
17:38
Imperial
37:26
| APM avg | 47.0 |
| APM peak | 82 |
| eAPM avg | 26.9 |
| Villagers / military | 131 / 80 |
Focus
⚔️ 39.8% · 🌾 60.2%
Archer ×76 · Fishing Ship ×5 · Mangonel ×2 · Monk ×1 · Spearman ×1
Feudal
11:56
Castle
22:57
Imperial
—
| APM avg | 36.5 |
| APM peak | 60 |
| eAPM avg | 20.6 |
| Villagers / military | 129 / 45 |
Focus
⚔️ 23.2% · 🌾 76.8%
Fire Lancer ×22 · Skirmisher ×12 · Spearman ×6 · Scorpion ×2 · Militia ×1 · Mangonel ×1
Match map
Initial resources + every placement click. Lines = walls · curves = elevation contours. ◆ gold · ⬟ stone · ● berries · ✦ relic · ◌ wall gap
Your base· Open — unwalled flank
0g123451's base· Open — unwalled flank
啊这's base· Open — unwalled flank
邦多利第一行刑官丰川祥子's base· Open — unwalled flank
Cancer's base· Open — 12t gap
悠律's base· Open — 11t gap
kazusa's base· Open — unwalled flank
关山难越谁悲失路之人萍水相逢尽是他乡之客's base· Open — 11t gap
Smoothed initial terrain · ◌ = detected wall gap · hover for details
Inputs per minute
— Hayasaka ai - - 0g123451
Build order — Hayasaka ai
128 actions detected in the replay
| 0:28 | Build | Town Center |
| 0:45 | Build | Town Center |
| 0:59 | Build | House |
| 2:52 | Build | Lumber Camp |
| 3:05 | Create | Villager (Male) |
| 3:07 | Create | Villager (Male) |
| 3:07 | Create | Villager (Male) |
| 3:07 | Create | Villager (Male) |
| 4:14 | Research | Loom |
| 4:40 | Create | Villager (Male) |
| 4:44 | Build | House |
| 5:09 | Create | Villager (Male) |
| 5:32 | Build | House |
| 5:50 | Create | Villager (Male) |
| 6:06 | Create | Villager (Male) |
| 6:31 | Create | Villager (Male) |
| 6:32 | Create | Villager (Male) |
| 7:17 | Create | Villager (Male) |
| 7:28 | Build | Lumber Camp |
| 7:56 | Create | Villager (Male) |
| 7:56 | Create | Villager (Male) |
| 7:57 | Create | Villager (Male) |
| 8:06 | Create | Villager (Male) |
| 8:39 | Build | House |
| 8:49 | Create | Villager (Male) |
| 8:56 | Create | Villager (Male) |
| 9:21 | Build | House |
| 9:31 | Create | Villager (Male) |
| 10:18 | Create | Villager (Male) |
| 10:47 | Create | Villager (Male) |
| 10:50 | Build | Barracks |
| 11:09 | Build | Palisade Wall |
| 11:23 | Create | Villager (Male) |
| 11:27 | Build | House |
| 11:31 | Build | Palisade Wall |
| 11:43 | Research | Feudal Age |
| 11:55 | Create | Militia |
| 11:55 | Create | Militia |
| 12:03 | Create | Villager (Male) |
| 12:22 | Create | Villager (Male) |
| 12:42 | Create | Villager (Male) |
| 12:45 | Create | Militia |
| 12:52 | Create | Villager (Male) |
| 13:01 | Build | Mining Camp |
| 13:12 | Create | Militia |
| 13:28 | Create | Villager (Male) |
| 13:34 | Create | Militia |
| 13:58 | Age | Feudal Age |
| 14:01 | Research | Man-at-Arms (upgrade) |
| 14:01 | Research | Man-at-Arms (upgrade) |
| 14:09 | Build | House |
| 14:29 | Create | Villager (Male) |
| 14:49 | Build | House |
| 15:04 | Create | Militia |
| 15:25 | Create | Villager (Male) |
| 15:27 | Create | Militia |
| 15:47 | Build | Archery Range |
| 15:58 | Create | Militia |
| 16:00 | Create | Villager (Male) |
| 16:01 | Research | Town Watch |
| 16:23 | Create | Villager (Male) |
| 16:36 | Build | House |
| 16:56 | Create | Militia |
| 16:58 | Create | Skirmisher |
| 17:03 | Create | Villager (Male) |
| 17:13 | Create | Villager (Male) |
| 17:23 | Create | Skirmisher |
| 17:38 | Research | Wheelbarrow |
| 17:47 | Create | Skirmisher |
| 18:11 | Create | Skirmisher |
| 18:21 | Create | Villager (Male) |
| 18:24 | Create | Skirmisher |
| 18:26 | Create | Villager (Male) |
| 18:34 | Research | Arson |
| 18:39 | Build | Watch Tower |
| 19:36 | Build | House |
| 19:43 | Create | Villager (Male) |
| 19:46 | Build | House |
| 20:12 | Build | Mill |
| 20:24 | Create | Villager (Male) |
| 20:34 | Create | Militia |
| 20:35 | Create | Militia |
| 21:36 | Build | Watch Tower |
| 21:45 | Create | Villager (Male) |
| 21:56 | Create | Villager (Male) |
| 21:56 | Create | Villager (Male) |
| 21:56 | Create | Villager (Male) |
| 21:56 | Create | Villager (Male) |
| 21:57 | Create | Villager (Male) |
| 22:00 | Build | Watch Tower |
| 23:20 | Build | Blacksmith |
| 23:26 | Build | Market |
| 23:31 | Build | House |
| 23:33 | Build | House |
| 24:26 | Build | Market |
| 24:28 | Build | House |
| 25:25 | Build | Mining Camp |
| 28:25 | Build | Town Center |
| 29:12 | Build | Mill |
| 29:49 | Create | Villager (Male) |
| 29:49 | Create | Villager (Male) |
| 29:50 | Create | Villager (Male) |
| 29:50 | Create | Villager (Male) |
| 30:01 | Research | Gold Mining |
| 30:15 | Build | Outpost |
| 30:48 | Build | Mining Camp |
| 31:00 | Create | Villager (Male) |
| 31:12 | Research | Stone Mining |
| 31:16 | Create | Villager (Male) |
| 31:41 | Build | Mill |
| 32:12 | Build | Outpost |
| 32:21 | Create | Villager (Male) |
| 32:22 | Create | Villager (Male) |
| 32:46 | Research | Castle Age |
| 33:15 | Research | Stone Mining |
| 33:40 | Build | Outpost |
| 34:02 | Build | Outpost |
| 34:26 | Build | Mining Camp |
| 35:26 | Age | Castle Age |
| 37:32 | Create | Villager (Male) |
| 37:32 | Create | Villager (Male) |
| 38:01 | Build | Town Center |
| 38:38 | Create | Villager (Male) |
| 38:38 | Create | Villager (Male) |
| 38:38 | Create | Villager (Male) |
| 38:38 | Create | Villager (Male) |
| 39:03 | Build | Outpost |
| 39:27 | Create | Villager (Male) |
Build order — 0g123451
First 150 of 243 actions detected
| 0:06 | Build | Town Center |
| 1:01 | Build | House |
| 2:32 | Create | Villager (Male) |
| 2:33 | Create | Villager (Male) |
| 2:33 | Create | Villager (Male) |
| 2:34 | Create | Villager (Male) |
| 3:23 | Create | Villager (Male) |
| 4:11 | Build | House |
| 4:20 | Create | Villager (Male) |
| 4:37 | Create | Villager (Male) |
| 4:41 | Build | House |
| 4:47 | Build | Lumber Camp |
| 5:26 | Create | Villager (Male) |
| 5:26 | Create | Villager (Male) |
| 5:47 | Create | Villager (Male) |
| 6:25 | Create | Villager (Male) |
| 6:26 | Create | Villager (Male) |
| 6:45 | Build | House |
| 6:58 | Create | Villager (Male) |
| 7:49 | Create | Villager (Male) |
| 8:15 | Build | Mill |
| 8:16 | Create | Villager (Male) |
| 8:27 | Build | House |
| 8:38 | Create | Villager (Male) |
| 8:53 | Create | Villager (Male) |
| 9:07 | Create | Villager (Male) |
| 9:51 | Create | Villager (Male) |
| 9:51 | Create | Villager (Male) |
| 10:03 | Build | House |
| 10:19 | Create | Villager (Male) |
| 10:20 | Build | House |
| 10:31 | Build | Mining Camp |
| 10:35 | Build | House |
| 10:42 | Create | Villager (Male) |
| 10:54 | Create | Villager (Male) |
| 11:08 | Research | Loom |
| 11:08 | Research | Feudal Age |
| 11:19 | Build | Palisade Gate |
| 11:26 | Build | Palisade Wall |
| 11:36 | Build | House |
| 13:15 | Create | Villager (Male) |
| 13:15 | Create | Villager (Male) |
| 13:53 | Age | Feudal Age |
| 13:54 | Build | Blacksmith |
| 13:57 | Build | Market |
| 14:09 | Research | Double-Bit Axe |
| 14:37 | Research | Castle Age |
| 15:11 | Build | Farm |
| 15:11 | Build | Farm |
| 15:11 | Build | Farm |
| 15:11 | Build | Farm |
| 15:12 | Build | Farm |
| 15:12 | Build | Farm |
| 15:53 | Research | Gold Mining |
| 15:56 | Create | Villager (Male) |
| 16:38 | Create | Villager (Male) |
| 16:40 | Research | Horse Collar |
| 17:23 | Age | Castle Age |
| 17:27 | Build | Castle |
| 17:52 | Create | Villager (Male) |
| 18:10 | Research | Padded Archer Armor |
| 18:19 | Create | Conquistador |
| 18:19 | Create | Conquistador |
| 18:30 | Build | Farm |
| 18:30 | Build | Farm |
| 18:31 | Build | Farm |
| 18:31 | Build | Farm |
| 18:32 | Build | Farm |
| 18:40 | Create | Villager (Male) |
| 18:41 | Create | Villager (Male) |
| 18:41 | Create | Villager (Male) |
| 18:54 | Create | Villager (Male) |
| 19:08 | Create | Conquistador |
| 19:08 | Create | Conquistador |
| 19:20 | Create | Conquistador |
| 19:50 | Create | Villager (Male) |
| 19:51 | Create | Villager (Male) |
| 19:52 | Create | Conquistador |
| 20:09 | Build | Town Center |
| 20:10 | Create | Villager (Male) |
| 20:23 | Create | Conquistador |
| 20:23 | Create | Conquistador |
| 20:41 | Create | Conquistador |
| 21:15 | Create | Villager (Male) |
| 21:17 | Create | Conquistador |
| 21:37 | Create | Villager (Male) |
| 21:55 | Create | Conquistador |
| 22:01 | Build | Farm |
| 22:01 | Build | Farm |
| 22:01 | Build | Farm |
| 22:02 | Build | Farm |
| 22:21 | Create | Villager (Male) |
| 22:52 | Create | Villager (Male) |
| 22:53 | Create | Conquistador |
| 23:13 | Create | Villager (Male) |
| 23:22 | Build | Town Center |
| 23:49 | Create | Conquistador |
| 23:59 | Create | Villager (Male) |
| 24:10 | Create | Villager (Male) |
| 24:15 | Build | Farm |
| 24:16 | Build | Farm |
| 24:19 | Create | Villager (Male) |
| 24:54 | Create | Villager (Male) |
| 25:06 | Create | Villager (Male) |
| 25:11 | Create | Villager (Male) |
| 25:16 | Create | Villager (Male) |
| 25:30 | Build | Farm |
| 26:08 | Create | Villager (Male) |
| 26:10 | Create | Conquistador |
| 26:10 | Create | Conquistador |
| 26:11 | Create | Conquistador |
| 26:21 | Create | Villager (Male) |
| 26:26 | Create | Villager (Male) |
| 26:30 | Build | Farm |
| 26:30 | Build | Farm |
| 26:31 | Build | Farm |
| 26:31 | Build | Farm |
| 26:31 | Build | Farm |
| 26:36 | Create | Villager (Male) |
| 26:44 | Create | Villager (Male) |
| 26:51 | Create | Villager (Male) |
| 26:58 | Create | Villager (Male) |
| 27:50 | Create | Villager (Male) |
| 27:53 | Create | Conquistador |
| 27:54 | Create | Conquistador |
| 27:57 | Create | Conquistador |
| 27:58 | Create | Villager (Male) |
| 28:11 | Create | Villager (Male) |
| 28:14 | Create | Villager (Male) |
| 28:17 | Create | Villager (Male) |
| 28:32 | Create | Conquistador |
| 28:33 | Create | Conquistador |
| 29:02 | Create | Villager (Male) |
| 29:06 | Create | Villager (Male) |
| 29:27 | Build | Siege Workshop |
| 29:28 | Create | Villager (Male) |
| 29:31 | Create | Conquistador |
| 29:31 | Create | Conquistador |
| 29:39 | Create | Villager (Male) |
| 29:41 | Create | Conquistador |
| 29:49 | Create | Villager (Male) |
| 29:58 | Research | Wheelbarrow |
| 29:59 | Research | Town Watch |
| 30:01 | Create | Scorpion |
| 30:01 | Create | Scorpion |
| 30:08 | Build | House |
| 30:09 | Build | House |
| 30:09 | Build | House |
| 30:18 | Research | Fletching |
| 30:19 | Create | Villager (Male) |
Build order — 啊这
First 150 of 204 actions detected
| 0:39 | Build | Town Center |
| 2:54 | Build | Palisade Wall |
| 3:07 | Build | Palisade Wall |
| 3:28 | Create | Villager (Male) |
| 3:33 | Create | Villager (Male) |
| 3:43 | Create | Villager (Male) |
| 3:44 | Create | Villager (Male) |
| 3:52 | Create | Villager (Male) |
| 3:58 | Build | House |
| 4:36 | Create | Villager (Male) |
| 5:00 | Create | Villager (Male) |
| 5:29 | Create | Villager (Male) |
| 5:36 | Build | House |
| 5:54 | Create | Villager (Male) |
| 6:19 | Create | Villager (Male) |
| 6:30 | Create | Villager (Male) |
| 6:58 | Create | Villager (Male) |
| 7:11 | Create | Villager (Male) |
| 7:12 | Create | Villager (Male) |
| 7:30 | Create | Villager (Male) |
| 7:40 | Build | House |
| 8:28 | Build | Lumber Camp |
| 8:29 | Create | Villager (Male) |
| 8:29 | Create | Villager (Male) |
| 8:34 | Build | House |
| 8:43 | Create | Villager (Male) |
| 8:56 | Create | Villager (Male) |
| 9:06 | Create | Villager (Male) |
| 9:13 | Create | Villager (Male) |
| 9:35 | Research | Loom |
| 9:54 | Build | Mill |
| 10:07 | Create | Villager (Male) |
| 10:31 | Research | Feudal Age |
| 10:38 | Build | Mining Camp |
| 12:10 | Build | House |
| 12:14 | Create | Villager (Male) |
| 12:47 | Age | Feudal Age |
| 12:49 | Create | Villager (Male) |
| 12:52 | Build | Market |
| 13:12 | Build | Blacksmith |
| 13:15 | Create | Villager (Male) |
| 13:54 | Research | Castle Age |
| 13:55 | Research | Castle Age |
| 14:09 | Research | Double-Bit Axe |
| 14:17 | Build | House |
| 14:24 | Create | Villager (Male) |
| 15:28 | Build | Barracks |
| 15:45 | Create | Villager (Male) |
| 16:10 | Create | Villager (Male) |
| 16:21 | Age | Castle Age |
| 16:24 | Build | Siege Workshop |
| 16:26 | Create | Villager (Male) |
| 16:29 | Create | Villager (Male) |
| 16:33 | Create | Villager (Male) |
| 16:37 | Create | Villager (Male) |
| 16:45 | Build | Archery Range |
| 16:46 | Create | Villager (Male) |
| 16:53 | Create | Villager (Male) |
| 17:04 | Create | Scorpion |
| 17:34 | Create | Mangonel |
| 17:41 | Create | Villager (Male) |
| 17:50 | Create | Villager (Male) |
| 18:00 | Create | Villager (Male) |
| 18:08 | Create | Villager (Male) |
| 18:12 | Create | Villager (Male) |
| 18:26 | Create | Battering Ram |
| 18:32 | Build | House |
| 18:38 | Create | Archer |
| 18:40 | Create | Cavalry Archer |
| 18:43 | Build | House |
| 18:44 | Create | Villager (Male) |
| 19:20 | Create | Mangonel |
| 19:36 | Create | Villager (Male) |
| 19:51 | Create | Cavalry Archer |
| 19:54 | Build | Archery Range |
| 20:36 | Create | Villager (Male) |
| 22:46 | Build | Lumber Camp |
| 23:01 | Build | House |
| 23:20 | Create | Villager (Male) |
| 24:56 | Build | Town Center |
| 26:00 | Create | Villager (Male) |
| 26:03 | Build | House |
| 26:15 | Build | House |
| 26:20 | Create | Villager (Male) |
| 26:29 | Build | House |
| 26:33 | Build | House |
| 26:46 | Create | Villager (Male) |
| 26:47 | Build | Farm |
| 26:49 | Build | Farm |
| 26:51 | Build | Farm |
| 27:00 | Build | House |
| 27:17 | Build | Farm |
| 27:22 | Build | Farm |
| 27:24 | Build | Farm |
| 27:25 | Create | Villager (Male) |
| 27:45 | Build | Farm |
| 27:49 | Create | Villager (Male) |
| 28:13 | Create | Villager (Male) |
| 28:22 | Build | Town Center |
| 28:30 | Create | Villager (Male) |
| 28:30 | Create | Villager (Male) |
| 28:43 | Build | Farm |
| 28:44 | Create | Villager (Male) |
| 29:00 | Create | Villager (Male) |
| 29:26 | Create | Villager (Male) |
| 29:31 | Build | Farm |
| 29:44 | Create | Villager (Male) |
| 29:48 | Build | Farm |
| 29:55 | Create | Villager (Male) |
| 29:55 | Create | Villager (Male) |
| 29:59 | Build | Farm |
| 29:59 | Build | Farm |
| 29:59 | Build | Farm |
| 30:07 | Create | Villager (Male) |
| 30:26 | Build | Farm |
| 30:27 | Build | Farm |
| 30:31 | Create | Villager (Male) |
| 30:34 | Create | Villager (Male) |
| 30:34 | Create | Villager (Male) |
| 30:42 | Create | Villager (Male) |
| 30:55 | Build | Farm |
| 30:57 | Create | Villager (Male) |
| 30:59 | Create | Villager (Male) |
| 31:02 | Build | Farm |
| 31:04 | Build | Farm |
| 31:21 | Create | Villager (Male) |
| 31:21 | Create | Villager (Male) |
| 31:22 | Create | Villager (Male) |
| 31:24 | Build | Farm |
| 31:26 | Create | Villager (Male) |
| 31:32 | Create | Villager (Male) |
| 31:34 | Create | Villager (Male) |
| 32:08 | Create | Villager (Male) |
| 32:08 | Create | Villager (Male) |
| 32:10 | Build | Farm |
| 32:14 | Create | Villager (Male) |
| 32:27 | Research | Bow Saw |
| 32:40 | Research | Wheelbarrow |
| 32:43 | Build | Farm |
| 32:49 | Create | Villager (Male) |
| 32:49 | Create | Villager (Male) |
| 32:51 | Create | Villager (Male) |
| 33:15 | Create | Villager (Male) |
| 33:16 | Create | Villager (Male) |
| 33:32 | Create | Villager (Male) |
| 33:33 | Create | Villager (Male) |
| 33:42 | Create | Villager (Male) |
| 33:46 | Create | Villager (Male) |
| 33:57 | Create | Villager (Male) |
| 34:07 | Build | Town Center |
Build order — 邦多利第一行刑官丰川祥子
First 150 of 330 actions detected
| 0:33 | Build | Town Center |
| 2:20 | Build | House |
| 2:41 | Build | House |
| 2:44 | Build | House |
| 2:51 | Create | Villager (Male) |
| 2:51 | Create | Villager (Male) |
| 2:51 | Create | Villager (Male) |
| 2:53 | Build | House |
| 3:01 | Build | House |
| 3:39 | Research | Loom |
| 3:39 | Research | Loom |
| 3:59 | Build | House |
| 4:06 | Create | Villager (Male) |
| 4:07 | Create | Villager (Male) |
| 4:07 | Create | Villager (Male) |
| 4:13 | Build | House |
| 4:35 | Create | Villager (Male) |
| 5:08 | Create | Villager (Male) |
| 5:25 | Build | House |
| 5:32 | Create | Villager (Male) |
| 5:39 | Build | Lumber Camp |
| 5:40 | Create | Villager (Male) |
| 5:42 | Create | Villager (Male) |
| 5:42 | Create | Villager (Male) |
| 5:43 | Create | Villager (Male) |
| 6:14 | Build | House |
| 6:37 | Create | Villager (Male) |
| 6:37 | Create | Villager (Male) |
| 7:07 | Build | House |
| 7:24 | Create | Villager (Male) |
| 8:04 | Build | Mining Camp |
| 8:32 | Build | Barracks |
| 8:39 | Create | Villager (Male) |
| 8:56 | Build | Palisade Wall |
| 9:00 | Build | Palisade Wall |
| 9:08 | Create | Villager (Male) |
| 9:25 | Research | Feudal Age |
| 9:26 | Research | Feudal Age |
| 9:27 | Create | Militia |
| 9:27 | Create | Militia |
| 9:46 | Create | Militia |
| 9:46 | Create | Militia |
| 9:46 | Create | Militia |
| 9:56 | Build | House |
| 10:23 | Build | Mining Camp |
| 10:25 | Create | Villager (Male) |
| 10:37 | Build | House |
| 10:38 | Build | Palisade Wall |
| 11:36 | Create | Militia |
| 11:43 | Age | Feudal Age |
| 11:53 | Build | Archery Range |
| 12:02 | Research | Man-at-Arms (upgrade) |
| 12:10 | Create | Villager (Male) |
| 12:19 | Build | Outpost |
| 12:24 | Create | Villager (Male) |
| 12:44 | Build | Stone Wall |
| 12:50 | Build | Stone Wall |
| 12:51 | Create | Villager (Male) |
| 12:59 | Create | Archer |
| 13:03 | Research | Loom |
| 13:03 | Research | Loom |
| 13:05 | Build | House |
| 13:19 | Build | Palisade Wall |
| 13:32 | Create | Archer |
| 13:32 | Create | Archer |
| 13:40 | Build | Mill |
| 13:42 | Create | Villager (Male) |
| 13:56 | Research | Arson |
| 14:22 | Create | Archer |
| 14:23 | Create | Villager (Male) |
| 14:24 | Create | Villager (Male) |
| 14:56 | Create | Villager (Male) |
| 15:30 | Create | Militia |
| 15:30 | Create | Militia |
| 15:36 | Create | Archer |
| 15:36 | Create | Archer |
| 15:36 | Create | Archer |
| 15:38 | Create | Villager (Male) |
| 15:53 | Build | Stable |
| 15:58 | Create | Archer |
| 16:01 | Create | Villager (Male) |
| 16:06 | Build | Blacksmith |
| 16:19 | Create | Archer |
| 16:20 | Create | Villager (Male) |
| 16:22 | Build | House |
| 16:24 | Build | House |
| 16:26 | Build | Farm |
| 16:27 | Build | Farm |
| 16:27 | Build | Farm |
| 16:40 | Research | Double-Bit Axe |
| 16:41 | Research | Double-Bit Axe |
| 16:48 | Create | Scout Cavalry |
| 16:48 | Create | Scout Cavalry |
| 16:49 | Create | Scout Cavalry |
| 16:49 | Create | Scout Cavalry |
| 17:08 | Create | Villager (Male) |
| 17:09 | Research | Town Watch |
| 17:14 | Build | House |
| 17:15 | Build | House |
| 17:36 | Create | Villager (Male) |
| 17:48 | Research | Scale Barding Armor |
| 17:49 | Research | Scale Barding Armor |
| 17:52 | Build | Farm |
| 17:53 | Build | Farm |
| 17:53 | Build | Farm |
| 17:53 | Build | Farm |
| 17:53 | Build | Farm |
| 18:04 | Create | Villager (Male) |
| 18:24 | Create | Scout Cavalry |
| 18:39 | Create | Villager (Male) |
| 19:08 | Create | Villager (Male) |
| 19:20 | Create | Villager (Male) |
| 19:24 | Build | Farm |
| 19:25 | Build | Farm |
| 19:25 | Build | Farm |
| 19:25 | Build | Farm |
| 19:25 | Build | Farm |
| 19:26 | Build | Farm |
| 19:39 | Create | Villager (Male) |
| 19:47 | Research | Forging |
| 19:50 | Create | Villager (Male) |
| 20:06 | Build | Lumber Camp |
| 20:21 | Build | Stone Wall |
| 20:28 | Create | Villager (Male) |
| 20:39 | Create | Scout Cavalry |
| 20:56 | Create | Villager (Male) |
| 20:59 | Build | Farm |
| 21:41 | Create | Villager (Male) |
| 21:47 | Create | Scout Cavalry |
| 21:47 | Create | Scout Cavalry |
| 22:10 | Create | Villager (Male) |
| 22:11 | Create | Villager (Male) |
| 22:34 | Build | Stone Wall |
| 22:38 | Create | Villager (Male) |
| 22:44 | Build | Farm |
| 22:45 | Build | Farm |
| 22:56 | Create | Villager (Male) |
| 23:01 | Build | Stone Wall |
| 23:02 | Build | Stone Wall |
| 23:19 | Build | Stone Wall |
| 23:19 | Build | Stone Wall |
| 23:21 | Build | Stone Wall |
| 23:22 | Build | Stone Wall |
| 23:25 | Create | Villager (Male) |
| 23:31 | Build | Mill |
| 23:34 | Build | Farm |
| 23:34 | Build | Farm |
| 23:34 | Build | Farm |
| 23:34 | Build | Farm |
| 23:35 | Build | Farm |
Build order — Cancer
First 150 of 207 actions detected
| 0:37 | Build | Town Center |
| 1:20 | Build | House |
| 3:00 | Create | Villager (Male) |
| 3:00 | Create | Villager (Male) |
| 3:00 | Create | Villager (Male) |
| 3:00 | Create | Villager (Male) |
| 3:45 | Build | House |
| 4:08 | Create | Villager (Male) |
| 4:08 | Create | Villager (Male) |
| 4:45 | Create | Villager (Male) |
| 4:45 | Create | Villager (Male) |
| 5:07 | Build | Lumber Camp |
| 5:09 | Build | House |
| 5:15 | Create | Villager (Male) |
| 5:15 | Create | Villager (Male) |
| 6:14 | Create | Villager (Male) |
| 6:14 | Create | Villager (Male) |
| 6:49 | Build | House |
| 6:58 | Build | House |
| 7:03 | Build | Palisade Wall |
| 7:13 | Create | Villager (Male) |
| 7:16 | Build | House |
| 7:31 | Build | Palisade Wall |
| 7:37 | Create | Villager (Male) |
| 7:44 | Build | Palisade Wall |
| 7:59 | Create | Villager (Male) |
| 8:18 | Create | Villager (Male) |
| 8:46 | Create | Villager (Male) |
| 9:19 | Create | Villager (Male) |
| 9:20 | Research | Loom |
| 9:28 | Build | Mill |
| 10:02 | Research | Feudal Age |
| 10:02 | Research | Feudal Age |
| 10:16 | Create | Villager (Male) |
| 10:16 | Create | Villager (Male) |
| 10:44 | Build | House |
| 10:44 | Build | Palisade Wall |
| 11:17 | Build | Barracks |
| 11:42 | Create | Villager (Male) |
| 12:19 | Age | Feudal Age |
| 12:22 | Build | Archery Range |
| 12:30 | Research | Double-Bit Axe |
| 12:30 | Research | Double-Bit Axe |
| 12:51 | Create | Villager (Male) |
| 13:08 | Build | Archery Range |
| 13:12 | Create | Skirmisher |
| 13:12 | Create | Skirmisher |
| 13:27 | Build | House |
| 13:47 | Create | Skirmisher |
| 14:02 | Create | Skirmisher |
| 14:03 | Create | Skirmisher |
| 14:10 | Create | Skirmisher |
| 14:10 | Create | Skirmisher |
| 14:23 | Create | Archer |
| 14:24 | Create | Skirmisher |
| 14:24 | Create | Skirmisher |
| 14:33 | Create | Skirmisher |
| 14:33 | Create | Skirmisher |
| 14:35 | Create | Villager (Male) |
| 14:35 | Create | Villager (Male) |
| 14:35 | Create | Villager (Male) |
| 14:45 | Create | Skirmisher |
| 14:46 | Create | Skirmisher |
| 14:52 | Build | House |
| 15:24 | Build | Blacksmith |
| 15:31 | Create | Skirmisher |
| 15:31 | Create | Skirmisher |
| 15:32 | Create | Villager (Male) |
| 15:47 | Build | Watch Tower |
| 15:56 | Create | Skirmisher |
| 15:56 | Create | Skirmisher |
| 15:57 | Create | Villager (Male) |
| 16:26 | Create | Skirmisher |
| 16:26 | Create | Skirmisher |
| 16:29 | Build | House |
| 16:41 | Build | House |
| 16:44 | Research | Fletching |
| 17:14 | Create | Skirmisher |
| 17:15 | Create | Skirmisher |
| 17:16 | Create | Villager (Male) |
| 17:16 | Create | Villager (Male) |
| 17:24 | Build | Mining Camp |
| 17:31 | Build | Lumber Camp |
| 17:34 | Create | Skirmisher |
| 17:34 | Create | Skirmisher |
| 17:37 | Create | Villager (Male) |
| 17:37 | Create | Villager (Male) |
| 17:49 | Create | Skirmisher |
| 17:50 | Create | Skirmisher |
| 18:02 | Create | Skirmisher |
| 18:03 | Create | Skirmisher |
| 18:05 | Create | Villager (Male) |
| 18:08 | Build | House |
| 18:24 | Create | Villager (Male) |
| 18:34 | Create | Skirmisher |
| 18:34 | Create | Skirmisher |
| 18:47 | Create | Skirmisher |
| 18:47 | Create | Skirmisher |
| 18:49 | Create | Villager (Male) |
| 19:18 | Create | Skirmisher |
| 19:33 | Create | Skirmisher |
| 19:33 | Create | Skirmisher |
| 19:33 | Create | Villager (Male) |
| 19:37 | Build | House |
| 20:03 | Build | Lumber Camp |
| 20:07 | Build | Watch Tower |
| 21:17 | Build | House |
| 21:19 | Build | House |
| 22:06 | Build | House |
| 22:07 | Build | House |
| 23:13 | Build | Town Center |
| 23:23 | Build | Lumber Camp |
| 24:12 | Build | Farm |
| 24:12 | Build | Farm |
| 24:12 | Build | Farm |
| 24:13 | Build | Farm |
| 24:13 | Build | Farm |
| 24:13 | Build | Farm |
| 24:14 | Build | Farm |
| 24:14 | Build | Farm |
| 24:14 | Build | Farm |
| 24:14 | Build | Farm |
| 24:14 | Build | Farm |
| 24:41 | Build | Farm |
| 24:43 | Build | Farm |
| 24:44 | Build | Mill |
| 25:14 | Build | Market |
| 25:25 | Build | Farm |
| 25:25 | Build | Farm |
| 25:26 | Build | Farm |
| 25:26 | Build | Farm |
| 25:41 | Create | Villager (Male) |
| 26:30 | Research | Wheelbarrow |
| 26:57 | Build | House |
| 26:58 | Build | House |
| 27:08 | Create | Villager (Male) |
| 27:09 | Create | Villager (Male) |
| 27:21 | Build | Farm |
| 27:22 | Build | Farm |
| 27:22 | Build | Farm |
| 27:50 | Build | Farm |
| 27:52 | Build | Farm |
| 28:40 | Create | Villager (Male) |
| 28:55 | Build | Stable |
| 28:57 | Build | Stable |
| 29:01 | Research | Castle Age |
| 29:01 | Research | Castle Age |
| 29:19 | Build | Mill |
| 29:53 | Research | Scale Barding Armor |
| 29:54 | Research | Forging |
Build order — 悠律
First 150 of 203 actions detected
| 0:07 | Build | Town Center |
| 0:12 | Build | House |
| 2:21 | Build | Palisade Wall |
| 2:28 | Build | House |
| 2:32 | Build | House |
| 2:40 | Create | Villager (Male) |
| 2:40 | Create | Villager (Male) |
| 2:40 | Create | Villager (Male) |
| 2:40 | Create | Villager (Male) |
| 4:16 | Create | Villager (Male) |
| 4:17 | Create | Villager (Male) |
| 4:17 | Create | Villager (Male) |
| 4:41 | Build | Settlement |
| 4:47 | Build | House |
| 5:08 | Create | Villager (Male) |
| 5:32 | Create | Villager (Male) |
| 5:32 | Create | Villager (Male) |
| 6:02 | Create | Villager (Male) |
| 6:02 | Create | Villager (Male) |
| 6:11 | Build | House |
| 6:23 | Build | House |
| 6:37 | Build | House |
| 6:53 | Create | Villager (Male) |
| 6:53 | Create | Villager (Male) |
| 6:54 | Create | Villager (Male) |
| 7:40 | Create | Villager (Male) |
| 7:40 | Create | Villager (Male) |
| 8:19 | Research | Loom |
| 8:58 | Research | Feudal Age |
| 8:58 | Research | Feudal Age |
| 9:33 | Build | Barracks |
| 10:55 | Create | Villager (Male) |
| 11:08 | Age | Feudal Age |
| 11:14 | Build | Archery Range |
| 11:27 | Create | Villager (Male) |
| 11:54 | Build | Settlement |
| 12:00 | Create | Villager (Male) |
| 12:07 | Create | Archer |
| 12:23 | Create | Villager (Male) |
| 12:29 | Build | House |
| 12:40 | Create | Archer |
| 12:44 | Create | Villager (Male) |
| 12:58 | Build | House |
| 13:10 | Create | Villager (Male) |
| 13:10 | Create | Archer |
| 13:43 | Create | Villager (Male) |
| 13:59 | Create | Archer |
| 14:07 | Build | Watch Tower |
| 14:09 | Create | Villager (Male) |
| 14:27 | Create | Archer |
| 14:38 | Create | Villager (Male) |
| 14:45 | Create | Unit 2550 |
| 14:51 | Build | Watch Tower |
| 14:57 | Create | Villager (Male) |
| 15:04 | Build | Farm |
| 15:19 | Create | Archer |
| 15:25 | Create | Unit 2550 |
| 15:43 | Create | Villager (Male) |
| 15:50 | Build | Blacksmith |
| 15:52 | Create | Archer |
| 16:10 | Create | Villager (Male) |
| 16:21 | Create | Archer |
| 16:27 | Build | Farm |
| 16:27 | Build | Farm |
| 16:34 | Research | Fletching |
| 16:34 | Create | Villager (Male) |
| 16:54 | Create | Villager (Male) |
| 16:54 | Create | Archer |
| 16:58 | Build | Farm |
| 16:58 | Build | Farm |
| 17:02 | Build | Farm |
| 17:12 | Create | Unit 2550 |
| 17:24 | Create | Villager (Male) |
| 17:31 | Build | Farm |
| 17:40 | Create | Archer |
| 17:57 | Create | Villager (Male) |
| 18:01 | Create | Unit 2550 |
| 18:02 | Research | Forging |
| 18:06 | Build | Farm |
| 18:18 | Create | Villager (Male) |
| 18:27 | Build | Farm |
| 18:31 | Build | Farm |
| 18:32 | Create | Archer |
| 18:34 | Create | Villager (Male) |
| 18:37 | Create | Unit 2550 |
| 19:12 | Create | Villager (Male) |
| 19:13 | Create | Archer |
| 19:13 | Create | Skirmisher |
| 19:31 | Research | Tech 1402 |
| 19:33 | Create | Villager (Male) |
| 19:41 | Create | Archer |
| 19:54 | Build | Watch Tower |
| 19:56 | Create | Villager (Male) |
| 20:19 | Create | Villager (Male) |
| 20:32 | Build | Farm |
| 21:40 | Build | Settlement |
| 21:55 | Research | Castle Age |
| 23:36 | Build | Settlement |
| 24:22 | Research | Scale Mail Armor |
| 24:22 | Research | Scale Mail Armor |
| 24:35 | Age | Castle Age |
| 24:41 | Build | Siege Workshop |
| 25:11 | Create | Villager (Male) |
| 25:12 | Create | Villager (Male) |
| 25:23 | Build | Settlement |
| 25:29 | Create | Mangonel |
| 25:42 | Research | Crossbowman (upgrade) |
| 25:45 | Research | Bodkin Arrow |
| 25:49 | Create | Archer |
| 25:54 | Create | Villager (Male) |
| 26:25 | Create | Mangonel |
| 26:27 | Create | Villager (Male) |
| 26:28 | Create | Archer |
| 26:36 | Build | Farm |
| 26:44 | Create | Villager (Male) |
| 27:15 | Create | Villager (Male) |
| 27:40 | Create | Villager (Male) |
| 27:40 | Create | Villager (Male) |
| 28:29 | Create | Villager (Male) |
| 28:50 | Create | Villager (Male) |
| 28:54 | Build | Market |
| 29:26 | Create | Villager (Male) |
| 29:26 | Create | Villager (Male) |
| 29:37 | Create | Archer |
| 30:08 | Build | Settlement |
| 30:10 | Create | Villager (Male) |
| 30:48 | Create | Mangonel |
| 31:08 | Create | Villager (Male) |
| 31:08 | Create | Villager (Male) |
| 31:49 | Create | Villager (Male) |
| 31:49 | Create | Villager (Male) |
| 32:28 | Build | Town Center |
| 32:46 | Create | Villager (Male) |
| 33:11 | Create | Villager (Male) |
| 33:15 | Build | Farm |
| 33:17 | Create | Villager (Male) |
| 33:17 | Create | Villager (Male) |
| 33:38 | Create | Villager (Male) |
| 33:52 | Build | Farm |
| 33:53 | Build | Farm |
| 33:53 | Build | Farm |
| 33:53 | Build | Farm |
| 33:55 | Build | Farm |
| 34:05 | Create | Villager (Male) |
| 34:05 | Create | Villager (Male) |
| 34:16 | Build | Farm |
| 34:19 | Build | Farm |
| 34:21 | Create | Villager (Male) |
| 34:21 | Create | Villager (Male) |
| 34:50 | Build | Town Center |
Build order — kazusa
First 150 of 360 actions detected
| 0:09 | Build | Town Center |
| 2:20 | Create | Villager (Male) |
| 2:20 | Create | Villager (Male) |
| 2:23 | Build | House |
| 2:24 | Create | Villager (Male) |
| 2:30 | Create | Villager (Male) |
| 3:15 | Create | Villager (Male) |
| 3:48 | Create | Villager (Male) |
| 3:48 | Create | Villager (Male) |
| 4:15 | Create | Villager (Male) |
| 4:31 | Build | House |
| 4:54 | Create | Villager (Male) |
| 5:12 | Build | Lumber Camp |
| 5:22 | Create | Villager (Male) |
| 5:22 | Create | Villager (Male) |
| 5:45 | Build | House |
| 5:47 | Create | Villager (Male) |
| 5:47 | Create | Villager (Male) |
| 6:10 | Create | Villager (Male) |
| 6:10 | Create | Villager (Male) |
| 6:36 | Create | Villager (Male) |
| 7:00 | Create | Villager (Male) |
| 7:30 | Build | Dock |
| 7:32 | Create | Villager (Male) |
| 7:34 | Create | Villager (Male) |
| 7:38 | Build | House |
| 7:47 | Create | Villager (Male) |
| 8:07 | Create | Fishing Ship |
| 8:45 | Build | House |
| 8:53 | Create | Villager (Male) |
| 8:56 | Build | House |
| 9:18 | Create | Villager (Male) |
| 9:35 | Build | Mining Camp |
| 9:43 | Create | Villager (Male) |
| 9:47 | Create | Fishing Ship |
| 9:47 | Create | Fishing Ship |
| 9:58 | Research | Loom |
| 10:32 | Create | Villager (Male) |
| 10:35 | Build | House |
| 10:50 | Build | House |
| 10:50 | Research | Feudal Age |
| 11:18 | Build | Mill |
| 11:32 | Create | Villager (Male) |
| 11:49 | Create | Villager (Male) |
| 11:51 | Create | Villager (Male) |
| 12:20 | Build | Barracks |
| 12:44 | Build | House |
| 12:56 | Build | House |
| 13:13 | Build | House |
| 13:15 | Age | Feudal Age |
| 13:33 | Build | Archery Range |
| 13:41 | Research | Double-Bit Axe |
| 14:08 | Build | Blacksmith |
| 14:32 | Create | Villager (Male) |
| 14:40 | Build | Lumber Camp |
| 14:53 | Build | House |
| 14:58 | Research | Castle Age |
| 15:23 | Create | Archer |
| 15:27 | Research | Fletching |
| 15:51 | Build | Archery Range |
| 15:52 | Create | Archer |
| 16:14 | Create | Archer |
| 16:16 | Research | Padded Archer Armor |
| 16:19 | Research | Gold Mining |
| 16:19 | Research | Gold Mining |
| 16:28 | Create | Villager (Male) |
| 16:40 | Build | House |
| 16:51 | Create | Archer |
| 17:03 | Create | Archer |
| 17:03 | Create | Archer |
| 17:05 | Build | House |
| 17:23 | Create | Archer |
| 17:23 | Create | Archer |
| 17:24 | Build | Mining Camp |
| 17:33 | Create | Villager (Male) |
| 17:38 | Age | Castle Age |
| 17:40 | Build | House |
| 17:43 | Research | Bow Saw |
| 17:46 | Research | Town Watch |
| 17:51 | Build | House |
| 17:58 | Research | Crossbowman (upgrade) |
| 18:00 | Create | Fishing Ship |
| 18:04 | Build | House |
| 18:15 | Create | Archer |
| 18:18 | Build | House |
| 18:23 | Create | Villager (Male) |
| 18:40 | Create | Archer |
| 18:46 | Create | Villager (Male) |
| 18:48 | Create | Archer |
| 18:53 | Build | Fish Trap |
| 18:54 | Create | Fishing Ship |
| 18:56 | Create | Archer |
| 19:05 | Create | Villager (Male) |
| 19:07 | Build | University |
| 19:09 | Create | Archer |
| 19:19 | Create | Archer |
| 19:23 | Create | Villager (Male) |
| 19:47 | Create | Archer |
| 19:53 | Build | Farm |
| 19:54 | Build | Farm |
| 19:56 | Build | Farm |
| 20:01 | Build | Farm |
| 20:08 | Build | Farm |
| 20:10 | Create | Archer |
| 20:37 | Research | Bodkin Arrow |
| 20:46 | Create | Villager (Male) |
| 20:56 | Create | Villager (Male) |
| 21:06 | Research | Ballistics |
| 21:07 | Create | Archer |
| 21:07 | Create | Archer |
| 21:20 | Create | Villager (Male) |
| 21:26 | Create | Archer |
| 21:32 | Build | Farm |
| 21:38 | Create | Archer |
| 21:41 | Build | House |
| 21:54 | Build | House |
| 21:57 | Build | Outpost |
| 22:00 | Create | Villager (Male) |
| 22:07 | Research | Wheelbarrow |
| 22:16 | Create | Archer |
| 22:16 | Create | Archer |
| 22:21 | Create | Villager (Male) |
| 22:26 | Create | Archer |
| 23:16 | Create | Villager (Male) |
| 23:18 | Build | Town Center |
| 23:19 | Create | Archer |
| 23:20 | Create | Archer |
| 23:47 | Create | Villager (Male) |
| 23:51 | Build | House |
| 23:57 | Build | Fish Trap |
| 23:59 | Build | Fish Trap |
| 24:01 | Create | Archer |
| 24:02 | Create | Archer |
| 24:23 | Create | Villager (Male) |
| 24:46 | Create | Villager (Male) |
| 24:48 | Create | Villager (Male) |
| 24:52 | Build | Town Center |
| 24:54 | Create | Archer |
| 24:54 | Create | Archer |
| 25:02 | Create | Villager (Male) |
| 25:07 | Create | Archer |
| 25:08 | Create | Archer |
| 25:08 | Create | Archer |
| 25:14 | Build | House |
| 25:19 | Build | Farm |
| 25:21 | Create | Villager (Male) |
| 25:27 | Research | Leather Archer Armor |
| 25:47 | Create | Archer |
| 25:48 | Create | Villager (Male) |
| 25:49 | Create | Villager (Male) |
Build order — 关山难越谁悲失路之人萍水相逢尽是他乡之客
First 150 of 289 actions detected
| 0:24 | Build | Town Center |
| 2:54 | Build | House |
| 3:00 | Create | Villager (Male) |
| 3:00 | Create | Villager (Male) |
| 3:00 | Create | Villager (Male) |
| 3:00 | Create | Villager (Male) |
| 4:17 | Create | Villager (Male) |
| 4:40 | Create | Villager (Male) |
| 5:04 | Build | Lumber Camp |
| 5:26 | Build | House |
| 5:29 | Create | Villager (Male) |
| 5:34 | Research | Loom |
| 5:55 | Build | House |
| 6:18 | Create | Villager (Male) |
| 6:31 | Create | Villager (Male) |
| 6:57 | Create | Villager (Male) |
| 7:14 | Create | Villager (Male) |
| 7:24 | Create | Villager (Male) |
| 7:25 | Create | Villager (Male) |
| 8:08 | Build | Mill |
| 8:24 | Create | Villager (Male) |
| 8:44 | Create | Villager (Male) |
| 9:21 | Create | Villager (Male) |
| 9:38 | Research | Feudal Age |
| 10:09 | Build | Palisade Wall |
| 10:11 | Build | Palisade Wall |
| 10:12 | Build | Palisade Wall |
| 10:14 | Build | Palisade Wall |
| 10:25 | Build | Palisade Gate |
| 10:32 | Build | House |
| 10:37 | Build | Palisade Wall |
| 11:05 | Create | Villager (Male) |
| 11:48 | Create | Villager (Male) |
| 11:56 | Age | Feudal Age |
| 11:57 | Create | Villager (Male) |
| 12:09 | Build | Barracks |
| 12:12 | Research | Double-Bit Axe |
| 12:50 | Build | Archery Range |
| 12:53 | Create | Spearman |
| 13:03 | Create | Villager (Male) |
| 13:23 | Build | House |
| 13:32 | Create | Villager (Male) |
| 13:33 | Create | Skirmisher |
| 13:37 | Build | Blacksmith |
| 13:55 | Create | Skirmisher |
| 14:03 | Create | Skirmisher |
| 14:07 | Build | Farm |
| 14:08 | Create | Villager (Male) |
| 14:09 | Create | Villager (Male) |
| 14:19 | Create | Skirmisher |
| 14:26 | Build | House |
| 14:41 | Create | Spearman |
| 14:42 | Create | Villager (Male) |
| 14:49 | Build | Farm |
| 14:56 | Build | House |
| 15:02 | Build | Farm |
| 15:17 | Create | Skirmisher |
| 15:18 | Create | Villager (Male) |
| 15:21 | Build | House |
| 15:38 | Research | Fletching |
| 15:43 | Build | House |
| 15:51 | Create | Skirmisher |
| 15:56 | Create | Villager (Male) |
| 16:27 | Build | Mill |
| 16:30 | Create | Spearman |
| 16:31 | Build | Farm |
| 16:32 | Create | Villager (Male) |
| 16:46 | Build | Farm |
| 16:47 | Create | Villager (Male) |
| 16:53 | Create | Skirmisher |
| 17:08 | Create | Villager (Male) |
| 17:13 | Build | Farm |
| 17:17 | Create | Villager (Male) |
| 17:22 | Build | Farm |
| 17:45 | Create | Villager (Male) |
| 17:48 | Build | Farm |
| 18:00 | Build | Farm |
| 18:00 | Build | Farm |
| 18:01 | Build | Farm |
| 18:01 | Build | Farm |
| 18:08 | Create | Skirmisher |
| 18:18 | Create | Villager (Male) |
| 18:28 | Build | Farm |
| 18:50 | Build | Farm |
| 18:54 | Create | Villager (Male) |
| 19:17 | Create | Villager (Male) |
| 19:22 | Build | Farm |
| 19:26 | Research | Town Watch |
| 19:46 | Build | Outpost |
| 20:05 | Build | Outpost |
| 20:17 | Research | Castle Age |
| 20:17 | Research | Castle Age |
| 20:34 | Build | Palisade Wall |
| 20:57 | Create | Skirmisher |
| 20:58 | Create | Skirmisher |
| 21:12 | Create | Spearman |
| 21:33 | Research | Scale Mail Armor |
| 21:35 | Create | Spearman |
| 22:19 | Build | Mining Camp |
| 22:50 | Create | Villager (Male) |
| 22:53 | Build | House |
| 22:57 | Age | Castle Age |
| 23:01 | Research | Elite Skirmisher (upgrade) |
| 23:03 | Research | Bodkin Arrow |
| 23:03 | Research | Bodkin Arrow |
| 23:21 | Create | Villager (Male) |
| 23:28 | Build | Town Center |
| 23:39 | Create | Fire Lancer |
| 23:40 | Create | Fire Lancer |
| 23:46 | Create | Skirmisher |
| 23:46 | Create | Skirmisher |
| 23:46 | Create | Villager (Male) |
| 23:47 | Create | Villager (Male) |
| 24:16 | Create | Spearman |
| 24:19 | Create | Villager (Male) |
| 24:22 | Build | House |
| 24:22 | Build | House |
| 24:30 | Build | Siege Workshop |
| 24:39 | Build | Siege Workshop |
| 24:42 | Create | Villager (Male) |
| 24:50 | Build | House |
| 24:50 | Build | House |
| 24:50 | Build | House |
| 24:52 | Create | Villager (Male) |
| 24:53 | Create | Villager (Male) |
| 24:53 | Create | Villager (Male) |
| 24:54 | Create | Villager (Male) |
| 25:07 | Create | Villager (Male) |
| 25:11 | Build | Farm |
| 25:18 | Build | Farm |
| 25:19 | Create | Villager (Male) |
| 25:20 | Build | Farm |
| 25:32 | Create | Villager (Male) |
| 25:46 | Build | Mining Camp |
| 25:57 | Create | Villager (Male) |
| 25:58 | Create | Villager (Male) |
| 25:59 | Create | Villager (Male) |
| 26:11 | Create | Mangonel |
| 26:16 | Create | Villager (Male) |
| 26:20 | Research | Bow Saw |
| 26:23 | Create | Villager (Male) |
| 26:26 | Build | Lumber Camp |
| 26:39 | Create | Fire Lancer |
| 26:39 | Create | Fire Lancer |
| 26:40 | Create | Militia |
| 27:06 | Create | Scorpion |
| 27:18 | Create | Scorpion |
| 27:19 | Create | Villager (Male) |
| 27:19 | Create | Villager (Male) |
| 27:20 | Create | Villager (Male) |
Match timeline
| 2:21 | 悠律 · wall_segment Palisade Wall x1 |
| 2:54 | 啊这 · wall_segment Palisade Wall x1 |
| 3:07 | 啊这 · wall_segment Palisade Wall x1 |
| 7:03 | Cancer · wall_segment Palisade Wall x1 |
| 7:30 | kazusa · first_building Dock |
| 7:31 | Cancer · wall_segment Palisade Wall x1 |
| 7:44 | Cancer · wall_segment Palisade Wall x1 |
| 8:32 | 邦多利第一行刑官丰川祥子 · first_building Barracks |
| 8:56 | 邦多利第一行刑官丰川祥子 · wall_segment Palisade Wall x1 |
| 9:00 | 邦多利第一行刑官丰川祥子 · wall_segment Palisade Wall x6 |
| 9:33 | 悠律 · first_building Barracks |
| 10:09 | 关山难越谁悲失路之人萍水相逢尽是他乡之客 · wall_segment Palisade Wall x4 |
| 10:11 | 关山难越谁悲失路之人萍水相逢尽是他乡之客 · wall_segment Palisade Wall x1 |
| 10:12 | 关山难越谁悲失路之人萍水相逢尽是他乡之客 · wall_segment Palisade Wall x1 |
| 10:14 | 关山难越谁悲失路之人萍水相逢尽是他乡之客 · wall_segment Palisade Wall x11 |
| 10:37 | 关山难越谁悲失路之人萍水相逢尽是他乡之客 · wall_segment Palisade Wall x7 |
| 10:38 | 邦多利第一行刑官丰川祥子 · wall_segment Palisade Wall x1 |
| 10:44 | Cancer · wall_segment Palisade Wall x1 |
| 10:50 | Hayasaka ai · first_building Barracks |
| 11:08 | 悠律 · age_up feudal |
| 11:09 | Hayasaka ai · wall_segment Palisade Wall x4 |
| 11:14 | 悠律 · first_building Archery Range |
| 11:17 | Cancer · first_building Barracks |
| 11:26 | 0g123451 · wall_segment Palisade Wall x3 |
| 11:31 | Hayasaka ai · wall_segment Palisade Wall x1 |
| 11:43 | 邦多利第一行刑官丰川祥子 · age_up feudal |
| 11:53 | 邦多利第一行刑官丰川祥子 · first_building Archery Range |
| 11:56 | 关山难越谁悲失路之人萍水相逢尽是他乡之客 · age_up feudal |
| 12:09 | 关山难越谁悲失路之人萍水相逢尽是他乡之客 · first_building Barracks |
| 12:19 | Cancer · age_up feudal |
| 12:20 | kazusa · first_building Barracks |
| 12:22 | Cancer · first_building Archery Range |
| 12:44 | 邦多利第一行刑官丰川祥子 · wall_segment Stone Wall x16 |
| 12:47 | 啊这 · age_up feudal |
| 12:50 | 邦多利第一行刑官丰川祥子 · wall_segment Stone Wall x14 |
| 12:50 | 关山难越谁悲失路之人萍水相逢尽是他乡之客 · first_building Archery Range |
| 13:15 | kazusa · age_up feudal |
| 13:19 | 邦多利第一行刑官丰川祥子 · wall_segment Palisade Wall x2 |
| 13:33 | kazusa · first_building Archery Range |
| 13:53 | 0g123451 · age_up feudal |
| 13:58 | Hayasaka ai · age_up feudal |
| 15:28 | 啊这 · first_building Barracks |
| 15:47 | Hayasaka ai · first_building Archery Range |
| 15:53 | 邦多利第一行刑官丰川祥子 · first_building Stable |
| 16:21 | 啊这 · age_up castle |
| 16:24 | 啊这 · first_building Siege Workshop |
| 16:40 | 啊这 · first_market_buy 100 wood |
| 16:45 | 啊这 · first_building Archery Range |
| 16:59 | 啊这 · first_market_sell 100 stone |
| 17:23 | 0g123451 · age_up castle |
| 17:27 | 0g123451 · first_building Castle |
| 17:38 | kazusa · age_up castle |
| 20:21 | 邦多利第一行刑官丰川祥子 · wall_segment Stone Wall x8 |
| 20:34 | 关山难越谁悲失路之人萍水相逢尽是他乡之客 · wall_segment Palisade Wall x14 |
| 22:34 | 邦多利第一行刑官丰川祥子 · wall_segment Stone Wall x1 |
| 22:57 | 关山难越谁悲失路之人萍水相逢尽是他乡之客 · age_up castle |
| 23:01 | 邦多利第一行刑官丰川祥子 · wall_segment Stone Wall x1 |
| 23:02 | 邦多利第一行刑官丰川祥子 · wall_segment Stone Wall x1 |
| 23:19 | 邦多利第一行刑官丰川祥子 · wall_segment Stone Wall x1 |
| 23:19 | 邦多利第一行刑官丰川祥子 · wall_segment Stone Wall x1 |
| 23:21 | 邦多利第一行刑官丰川祥子 · wall_segment Stone Wall x1 |
| 23:22 | 邦多利第一行刑官丰川祥子 · wall_segment Stone Wall x6 |
| 24:30 | 关山难越谁悲失路之人萍水相逢尽是他乡之客 · first_building Siege Workshop |
| 24:35 | 悠律 · age_up castle |
| 24:41 | 悠律 · first_building Siege Workshop |
| 25:34 | 邦多利第一行刑官丰川祥子 · wall_segment Stone Wall x1 |
| 26:46 | kazusa · wall_segment Palisade Wall x1 |
| 27:13 | Cancer · first_market_sell 100 wood |
| 27:29 | 邦多利第一行刑官丰川祥子 · first_market_buy 100 wood |
| 28:55 | Cancer · first_building Stable |
| 29:27 | 0g123451 · first_building Siege Workshop |
| 29:50 | 邦多利第一行刑官丰川祥子 · first_market_sell 100 stone |
| 29:55 | 0g123451 · first_market_buy 100 food |
| 30:03 | 悠律 · first_market_buy 100 wood |
| 30:12 | 邦多利第一行刑官丰川祥子 · wall_segment Stone Wall x1 |
| 30:14 | 邦多利第一行刑官丰川祥子 · wall_segment Stone Wall x2 |
| 30:47 | 悠律 · first_market_sell 100 food |
| 31:45 | Cancer · age_up castle |
| 31:51 | Hayasaka ai · first_market_buy 100 food |
| 31:59 | kazusa · first_building Monastery |
| 32:30 | 邦多利第一行刑官丰川祥子 · age_up castle |
| 32:42 | Cancer · first_building Castle |
| 35:08 | 悠律 · first_building Monastery |
| 35:26 | Hayasaka ai · age_up castle |
| 35:42 | kazusa · first_building Siege Workshop |
| 36:41 | 关山难越谁悲失路之人萍水相逢尽是他乡之客 · first_building Castle |
| 37:26 | kazusa · age_up imperial |
| 37:54 | 邦多利第一行刑官丰川祥子 · wall_segment Stone Wall x1 |
| 37:55 | 邦多利第一行刑官丰川祥子 · wall_segment Stone Wall x1 |
| 38:29 | kazusa · first_market_sell 100 wood |
| 39:34 | 关山难越谁悲失路之人萍水相逢尽是他乡之客 · resign |
| 39:40 | kazusa · first_building Castle |
[ AI ANALYSIS · 1 CREDIT ]
What really happened in this match?
Wolo.gg analyzes every decision: build order, eco, micro, common mistakes by bracket. Personalized analysis on WhatsApp or Discord in 30 seconds.
Civ guide
Aztecs
Perfil
Jugador #729258